[Event "1st Bangalore GM-Open-A 2024"]
[Site "Bangalore"]
[Date "2024.01.18"]
[Round "1.1"]
[White "Gupta, Abhijeet"]
[Black "Apaar Saxena"]
[Result "1-0"]
[ECO "D02"]
[WhiteElo "2605"]
[BlackElo "2150"]
[Annotator "TA"]
[PlyCount "49"]
[EventDate "2024.01.20"]
[EventType "swiss"]
[EventCountry "IND"]
[SourceTitle "playchess.com"]
[Source "ChessBase"]
[SourceQuality "1"]
[TimeControl "5400+30"]

1. Nf3 d5 2. d4 Nf6 3. c3 c5 4. dxc5 e6 5. b4 a5 $1 6. e3 {[%emt 0:01:21] D02: 1 d4 d5 2 Nf3 sidelines, including 2...Nf6 3 g3 and 2...Nf6 3 Bf4.} axb4 7. cxb4 b6 $1 8. Bb5+ {[%emt 0:00:45] Black has an edge.} Bd7 9. Bxd7+ Nfxd7 10. a4 bxc5 11. b5 {[%emt 0:00:26] [#]} Bd6 $146 ({Black should try} 11... Nf6 $11) ({Predecessor:} 11... Be7 12. Bb2 O-O 13. O-O Bf6 14. Bxf6 Nxf6 15. Nbd2 Nbd7 16. Qc2 Qc7 17. h3 h6 {1-0 Sai Agni,J (2226)-Morais,M (1844) Sitges Sunway op 9th 2022 (5)}) 12. Bb2 (12. e4 $14) 12... O-O 13. O-O c4 $2 {[%emt 0:05:40] [#] Black cannot hold the game after this.} (13... Nf6 $11) 14. e4 $1 $18 (14. Qd4 Nf6 $14) 14... dxe4 (14... Nb6 {keeps fighting.}) 15. Qxd6 exf3 16. Nd2 $40 {[%emt 0:08:39][%cal Bb1d2,Bd2c4,Bc4b6][%mdl 160] White wants a kill.} ({Resist} 16. gxf3 $6 Qg5+ 17. Kh1 Qh4 $16) 16... fxg2 17. Rfd1 Qg5 18. Nxc4 Nc5 $2 {[%emt 0:04:55] Black is weak on the dark squares} (18... h6 19. Qg3 Qxg3 20. hxg3 (20. fxg3 Rc8 $18) 20... Rc8) 19. Nb6 {[%emt 0:11:13] White is clearly winning.} ({Weaker is} 19. f4 Qf5 20. Nb6 (20. Kxg2 Qe4+ 21. Kg1 Qxc4 $17) 20... Ne4 $18) 19... Ra7 (19... Ne4 $2 20. Qd4 Nxf2 21. Qxf2 (21. Nxa8 $2 Nh3#)) (19... Nxa4 $142 20. Ba3 (20. Rxa4 Rxa4 21. Nxa4 Qxb5 $18) 20... Re8 21. Nxa8 Nc3) 20. Ba3 Nbd7 21. Nxd7 {[%emt 0:01:00][%mdl 64] [#] Remove Defender} Nxd7 22. b6 Rb7 23. Qc6 $1 Rxb6 24. Qxd7 Rfb8 25. Be7 {[%emt 0:01:38] An entertaining game by Gupta.   Weighted Error Value: White=0.07 (flawless) /Black=0.65} 1-0

[Event "1st Bangalore GM-Open-A 2024"]
[Site "Bangalore"]
[Date "2024.01.18"]
[Round "1.2"]
[White "Raghav V"]
[Black "Sethuraman, S.P."]
[Result "1/2-1/2"]
[ECO "A19"]
[WhiteElo "2150"]
[BlackElo "2594"]
[Annotator "TA"]
[PlyCount "118"]
[EventDate "2024.01.20"]
[EventType "swiss"]
[EventCountry "IND"]
[SourceTitle "playchess.com"]
[Source "ChessBase"]
[SourceQuality "1"]
[TimeControl "5400+30"]

1. c4 Nf6 2. Nc3 e6 3. e4 c5 4. e5 Ng8 5. Nf3 Nc6 6. d4 cxd4 7. Nxd4 Nxe5 8. Ndb5 f6 9. Be3 a6 10. Nd6+ Bxd6 11. Qxd6 Ne7 {[%emt 0:00:42] A19: English Opening: Flohr-Mikenas System with 3...c5.} 12. Bb6 Nf5 13. Qb4 Nc6 14. Qc5 d6 15. Bxd8 dxc5 16. Bb6 e5 {[%emt 0:06:58] [#]} 17. Bxc5 $146 ({Predecessor:} 17. O-O-O Ncd4 18. Bxc5 Bd7 19. Bd3 Rc8 20. Bxd4 Nxd4 21. f4 Bg4 22. Rde1 Nc6 23. Be4 {½-½ Giri,A (2767)-Dubov,D (2648) EU-Cup 32nd Novi Sad 2016 (3.2)}) 17... Be6 18. Ne4 (18. O-O-O $14) 18... O-O-O $11 19. Bb6 Rd7 (19... Nb4 $5 20. Bxd8 Rxd8 $11) 20. Nc5 Rd6 21. Ne4 Rd7 22. Nc5 Re7 (22... Rd6 $11 23. Ne4 Rd7) 23. Nxe6 Rxe6 24. c5 e4 25. Bc4 Re5 26. O-O-O Rhe8 27. g4 Nfd4 28. Rd2 e3 29. fxe3 Rxe3 30. Rhd1 {[%emt 0:01:14][%cal Oc4f7] And now Bf7! would win.} Re1 31. b4 {[%emt 0:05:40] [#]} Rxd1+ ({Black should play} 31... Nf3 $1 $17 32. Rd6 Rxd1+ 33. Kxd1 Re1+ 34. Kc2 Nxb4+ 35. Kb2 Nc6) 32. Rxd1 {[%emt 0:04:10] The position is equal.} Re4 33. Bd3 {[%emt 0:06:16] This pair of bishops is nice.} Rxg4 34. a4 $1 g6 (34... Nxb4 $2 35. Bf5+ Kb8 36. Bxg4 $18) 35. b5 axb5 36. axb5 Ne5 37. Bf1 {[%emt 0:05:06] aiming for Bh3.} Rf4 38. c6 {[%emt 0:01:00] Dodges Nd7. Black must now prevent Bh3+.} Ne6 $1 39. Bh3 f5 40. Rd6 Nc7 41. Bxc7 ({But not} 41. cxb7+ Kxb7 42. Bg2+ Kc8 $15) 41... Kxc7 {[%emt 0:00:04][%mdl 4096] Endgame KRB-KRN} 42. Re6 {[%emt 0:00:10] Threatens to win with Re7+.} Nd3+ 43. Kd2 Re4 44. b6+ Kxb6 45. cxb7+ Kc7 {[%emt 0:00:48] [#]} (45... Rxe6 $2 46. b8=Q+ (46. b8=B $2 {too greedy.} Ne5 $19) 46... Kc5 47. Kxd3 $18) 46. Rb6 {[%emt 0:03:06][%mdl 64] Decoy, Promotion} Re8 47. b8=Q+ Rxb8 48. Rxb8 Kxb8 49. Kxd3 {[%emt 0:00:06] Kd4 would be deadly. KB-K3P} Kc7 50. Kd4 {[%emt 0:00:11] With the idea Ke5.} Kd6 51. Bg2 Ke6 52. Bd5+ Kf6 53. Ke3 g5 54. h3 h5 55. Bf3 g4 56. hxg4 fxg4 57. Bxg4 hxg4 58. Kf4 g3 {[%emt 0:00:03][%mdl 64] Deflection} 59. Kxg3 Ke5 {[%emt 0:00:03] An exciting game.   Weighted Error Value: White=0.07 (flawless) /Black=0.08 (flawless)} 1/2-1/2

[Event "1st Bangalore GM-Open-A 2024"]
[Site "Bangalore"]
[Date "2024.01.18"]
[Round "1.3"]
[White "Short, Nigel D"]
[Black "Mohota, Nisha"]
[Result "1-0"]
[ECO "C90"]
[WhiteElo "2592"]
[BlackElo "2147"]
[Annotator "TA"]
[PlyCount "69"]
[EventDate "2024.01.20"]
[EventType "swiss"]
[EventCountry "IND"]
[SourceTitle "playchess.com"]
[Source "ChessBase"]
[SourceQuality "1"]
[TimeControl "5400+30"]

1. e4 e5 2. Nf3 Nc6 3. Bb5 a6 4. Ba4 Nf6 5. O-O Be7 6. Re1 b5 7. Bb3 d6 8. a4 Bd7 9. c3 O-O 10. d4 {[%emt 0:02:43] [#]} b4 $146 {[%emt 0:00:42] C90: Closed Ruy Lopez with 7...d6: Early deviations.} ({Predecessor:} 10... h6 11. Nbd2 exd4 12. cxd4 Nb4 13. e5 Nfd5 14. Ne4 bxa4 15. Bxa4 Bxa4 16. Rxa4 Qd7 17. Ra5 Rab8 18. Bd2 {1-0 Yu,Y (2763)-Vitiugov,N (2732) FIDE World Cup 2019 (5.5)}) 11. d5 Na5 12. cxb4 Nxb3 {[%emt 0:00:04] White has an edge.} 13. Qxb3 Nh5 (13... Rb8 $11) 14. Nc3 f5 {[%emt 0:04:15] [#]} (14... Qc8 $142) 15. Nxe5 $1 $16 dxe5 16. d6+ {[%emt 0:00:19][%mdl 64] Discovered Attack} Kh8 17. dxe7 Qxe7 18. Be3 Rab8 (18... Be6 $16 19. Qd1 Qh4) 19. Qd1 (19. Qc4 $18) 19... Qf7 20. Qd5 Qe8 21. exf5 Rxf5 22. Qc4 Rf8 23. f3 (23. Qxc7 Rc8 24. Qd6 Rf6) 23... Qg6 24. Kh1 ({But not} 24. Qxc7 Bc6 25. Qxe5 Rxb4) 24... Be6 25. Qe4 ({Don't take} 25. Qxc7 Rxb4 26. Qd6 (26. Qxe5 Rxb2 27. Qg5 Bf7 $16) 26... Rfb8) 25... Bf5 (25... Qxe4 {was necessary.} 26. Nxe4 Bc4) 26. Qh4 ({Only move:} 26. Qxe5 $18 {Bc5 would be deadly.} Bc2 27. Nd5) 26... Bd3 27. Rad1 Nf4 28. Rd2 Rf6 (28... h6 $16 29. Qf2 Rfe8) 29. Red1 $18 {[%emt 0:15:09] Threatens to win with g3.} h6 (29... Bc2 {was worth a try.}) 30. g3 Rxb4 (30... Bc2) 31. gxf4 {[%emt 0:00:20] White is clearly winning.} Bc2 32. Rg1 Qf5 33. Qg3 Rf7 34. fxe5 Rxb2 {[%emt 0:00:34] [#]} 35. Bxh6 $1 {[%emt 0:00:29] Weighted Error Value: White=0.45/Black=0.38} 1-0

[Event "1st Bangalore GM-Open-A 2024"]
[Site "Bangalore"]
[Date "2024.01.18"]
[Round "1.4"]
[White "Sathvik Adiga"]
[Black "Ghosh, Diptayan"]
[Result "1/2-1/2"]
[ECO "C55"]
[WhiteElo "2142"]
[BlackElo "2568"]
[Annotator "TA"]
[PlyCount "104"]
[EventDate "2024.01.20"]
[EventType "swiss"]
[EventCountry "IND"]
[SourceTitle "playchess.com"]
[Source "ChessBase"]
[SourceQuality "1"]
[TimeControl "5400+30"]

1. e4 e5 2. Nf3 Nc6 3. Bc4 Nf6 4. d3 Be7 5. O-O d6 6. a4 O-O 7. Re1 Be6 8. Bxe6 {[%emt 0:05:06] C55: Two Knights: 4 d3, 4 d4 exd4 5 e5 and Max Lange Attack.} fxe6 9. c3 h6 {[%emt 0:08:15] 9...a5 is a critical line.} 10. Nbd2 {[%emt 0:02:25] White is slightly better.} a5 11. Nf1 Qd7 12. Qb3 b6 {[%emt 0:03:16] [#]} 13. Be3 $146 ({Predecessor:} 13. Bd2 d5 14. Ng3 Bd6 15. Qb5 Rae8 16. d4 Nxe4 17. Nxe4 dxe4 18. Rxe4 exd4 19. Nxd4 {1-0 Sadhwani,R (2627)-Esipenko,A (2675) Titled Tuesday intern op 17th Jan Late blitz 2023 (7)}) 13... Rf7 14. h3 Raf8 15. Ng3 Nh7 16. Rad1 Rxf3 17. gxf3 Ng5 18. Bxg5 Bxg5 19. Qb5 Rxf3 (19... Qf7 $5 20. Rf1 (20. Qxc6 Qxf3 21. Re2 Bf4 $11) 20... Qxf3 $11) 20. d4 Rf8 21. Re2 Bf4 22. Rd3 (22. d5 {with more complications.} Nb8 23. Kg2 Bg5 24. dxe6 Qxe6 25. Qd5) 22... Nb8 23. Qxd7 Nxd7 24. Kg2 g6 25. Re1 ({White should play} 25. Rc2 $16) 25... Bg5 26. Rdd1 (26. Rf1 $14 {might be stronger.}) 26... Kf7 27. Rh1 Ke7 28. h4 Bf4 (28... Bf6 $1 $11) 29. Ne2 $14 exd4 30. cxd4 (30. Nxd4 $6 Nc5 $11) 30... c5 31. Rh3 cxd4 32. Rf3 {[%emt 0:02:00] White is more active.} g5 33. hxg5 (33. Rxd4 Be5 34. Rxf8 Bxd4 $11) (33. Nxf4 $14 gxf4 34. Rxd4) 33... hxg5 $11 34. Nxf4 (34. Nxd4 {feels hotter.} Nc5 35. Rh1 Kf6 36. Nc6) 34... gxf4 35. Rxd4 $14 {[%emt 0:00:09][%mdl 4096] Endgame KRR-KRN} Rc8 (35... Ne5 $11 {remains equal.} 36. Rh3 f3+ 37. Kh2 Rg8) 36. Rh3 (36. Rxf4 $2 e5 37. Rd2 exf4 $19) (36. Rd2 $16) 36... Nf6 $11 37. Rb3 e5 38. Rd1 Nxe4 39. Rxb6 {[%emt 0:00:23] aiming for Kf3.} Rc2 (39... Ke6 $5 ) 40. Kf3 Nd2+ 41. Kg2 (41. Ke2 $11 Nc4+ 42. Kd3 Rxb2 43. Rc6 (43. Rb5 $2 Rxb5 44. Kxc4 Rb4+ 45. Kc3 Rxa4 $19)) 41... Nc4 {[%emt 0:00:46][%csl LRb2,LRb6][%mdl 1024] Black has compensation.} 42. Rb7+ Ke6 43. Rb1 $2 {[%emt 0:00:45] [#]} (43. Rh1 $15) 43... e4 $1 $19 {[%emt 0:00:15] Hoping for ...e3.} 44. b3 (44. b4 $142 e3 45. Rf1) 44... Ne5 45. b4 axb4 (45... e3 $19 46. bxa5 (46. Rf1 $2 e2 $19) 46... Rxf2+ 47. Kh3 Rf3+ 48. Kg2 (48. Kh4 $2 e2 $19) 48... Rg3+ 49. Kf1 f3) 46. R7xb4 $11 Kf5 {[%emt 0:00:11] Threatens to win with ...Nd3.} 47. R1b2 Rc7 {[%emt 0:00:59] Strongly threatening ...f3+.} 48. Rb7 Rc4 49. R7b4 {[%emt 0:00:12] [#] Black must now prevent Rxc4.} Rc8 {[%emt 0:00:35] ...f3+ would be deadly.} 50. Rb8 $1 Rc5 (50... Rc1 $11) 51. R2b5 (51. Rf8+ $14 Ke6 52. Rb4 (52. Rxf4 Nd3 $16) 52... f3+ 53. Kg3) 51... Rc2 52. Rb2 Rc7 {[%emt 0:00:53] Weighted Error Value: White=0.24 (precise) /Black=0.22 (precise)} 1/2-1/2

[Event "1st Bangalore GM-Open-A 2024"]
[Site "Bangalore"]
[Date "2024.01.18"]
[Round "1.5"]
[White "Aronyak Ghosh"]
[Black "Deshmukh, Anup"]
[Result "1-0"]
[ECO "A18"]
[WhiteElo "2541"]
[BlackElo "2139"]
[Annotator "RC"]
[PlyCount "63"]
[EventDate "2024.01.20"]
[EventType "swiss"]
[EventCountry "IND"]
[SourceTitle "playchess.com"]
[Source "ChessBase"]
[SourceQuality "1"]
[TimeControl "5400+30"]

1. c4 Nf6 2. Nc3 e6 3. e4 e5 4. Nf3 Nc6 5. a3 a5 6. Be2 d6 7. d4 Bg4 8. d5 Bxf3 9. Bxf3 Nd4 10. Be3 Nxf3+ 11. Qxf3 Be7 12. O-O a4 13. Qd1 Qd7 14. b3 axb3 15. Qxb3 b6 16. a4 O-O 17. f3 Ra5 18. Nb5 Rfa8 19. Ra2 Qc8 20. Bd2 R5a6 21. Rfa1 Nd7 22. Bb4 h5 23. a5 bxa5 24. Rxa5 Rxa5 25. Rxa5 Rxa5 26. Bxa5 Nc5 27. Qa2 Bd8 28. Bd2 Qa6 29. Qxa6 Nxa6 30. Ba5 f5 31. exf5 Bg5 32. Bxc7 1-0

[Event "1st Bangalore GM-Open-A 2024"]
[Site "Bangalore"]
[Date "2024.01.18"]
[Round "1.6"]
[White "Matta, Vinay Kumar"]
[Black "Sankalp Gupta"]
[Result "1-0"]
[ECO "C02"]
[WhiteElo "2132"]
[BlackElo "2535"]
[Annotator "TA"]
[PlyCount "127"]
[EventDate "2024.01.20"]
[EventType "swiss"]
[EventCountry "IND"]
[SourceTitle "playchess.com"]
[Source "ChessBase"]
[SourceQuality "1"]
[TimeControl "5400+30"]

1. e4 e6 2. d4 d5 3. e5 c5 4. c3 Nc6 5. Nf3 Bd7 6. Be2 Nge7 7. Na3 cxd4 {[%emt 0:00:39] C02: French: Advance Variation.} 8. Nb5 Ng6 9. cxd4 a6 {[%emt 0:00:18] Black has an edge.} 10. Nc3 Be7 {[%emt 0:03:41] Repels h4} 11. O-O O-O {[%emt 0:01:47] [#]} 12. Bd3 $146 ({Predecessor:} 12. Be3 Rc8 13. Rc1 b5 14. Bd3 Na5 15. b3 Nc6 16. Ne2 Qb6 17. Qd2 Ba3 18. Rcd1 {½-½ Groves,D-Burri,P (2113) Webchess op2 Gr35 email 2006}) 12... b5 13. Ne2 Qb6 14. Bg5 f6 (14... Bxg5 $11 {remains equal.} 15. Nxg5 Rac8) 15. exf6 $16 gxf6 16. Bh6 Rf7 17. Re1 Bd6 18. h4 ({White should try} 18. Rc1 $16) 18... Kh8 (18... Nge7 {keeps more tension.} 19. Nf4 Nb4 20. Nh5 Nxd3 21. Qxd3 Kh8) 19. Bxg6 $1 hxg6 20. Bf4 Bb4 21. Bd2 Bd6 22. Bf4 (22. Nf4 $16) 22... Bf8 (22... Bb4 $11) 23. Qd3 Ne7 (23... Qd8 $16 {was called for.}) 24. Bd2 (24. Rac1 $18) 24... a5 25. Nf4 $36 {[%emt 0:00:57][%mdl 2048] White is on the roll.} Rg7 26. b4 {[%emt 0:08:48] White is much more active.} (26. g4 $16) 26... a4 ({Black should play} 26... axb4 $14 27. Bxb4 Nf5 28. Bxf8 Rxf8) 27. Rac1 Kg8 28. g4 Ra6 {[%emt 0:03:31] Loses the game.} (28... Rh7 $16 29. a3 (29. Nxg6 Nxg6 30. Qxg6+ Rg7 $16) 29... Re8) 29. g5 $18 f5 {[%emt 0:03:46] Black is weak on the dark squares} (29... fxg5 $142 30. Nxg5 Nf5) 30. Ne5 Be8 31. Qe3 Rh7 32. Nf3 {[%emt 0:00:19] A dynamic duo of knights.} Bf7 33. a3 Qb8 34. Kg2 Bg7 35. Nd3 Nc8 (35... Rc6 $142 36. Rc5 Rxc5 37. bxc5 (37. Nxc5 Qc8 $16) 37... Nc6) 36. Qe2 Bf8 37. Nc5 (37. Bf4 $142 Nd6 38. Nfe5) 37... Ra7 (37... Bxc5 {was worth a try.} 38. bxc5 Na7) 38. Qd3 (38. Nxe6 Re7 $18) (38. Ne5 $142 Nb6 39. Nxf7 (39. Qxb5 Be8 $16) 39... Raxf7 40. Qxe6) 38... Re7 {[%emt 0:00:33] Against Nd7} (38... Nd6 {was necessary.}) 39. Rh1 Bg7 {[%emt 0:00:38] [#]} 40. Rce1 $1 Qb6 (40... Rh5 $142 41. Qe2 (41. Ne5 Bxe5 42. Rxe5 Nd6 $16) 41... Kf8) 41. Bf4 Be8 42. Re2 Bh8 43. Rhe1 Bf7 44. Bg3 Qc6 45. Qc3 Qe8 $2 (45... Nd6 46. Nxa4 Nc4) 46. Bf4 Rh5 47. Na6 Nb6 48. Nc7 Qd7 49. Qc5 Nc4 50. Nxb5 ({Weaker is} 50. Qxb5 Qxb5 51. Nxb5 Rd7 $18) 50... Bg7 51. Nd6 Nxa3 (51... Nxd6 52. Bxd6 Re8) 52. b5 {[%emt 0:00:45] White is clearly winning.} Nc4 53. b6 {[%emt 0:00:12] Black must now prevent b7.} Qd8 54. Nxf7 Kxf7 {[%emt 0:00:10] [#]} 55. Rxe6 $3 {[%emt 0:00:47][%mdl 576] Deflection, Promotion} Rxe6 56. Rxe6 Kxe6 57. b7 {[%emt 0:00:10] White wants to mate with Qc8+.} Rh8 58. b8=Q (58. b8=B $2 {perishes.} Qb6 59. Qxb6+ Nxb6 $19) 58... Qxb8 59. Bxb8 Rxb8 60. Qa7 Rg8 61. Qxa4 Nd6 62. Ne1 {[%emt 0:00:25] Nd3 would be deadly.} Rh8 63. Nd3 {[%emt 0:00:16] Intending Nf4+ and mate.} Rd8 64. Qa7 {[%emt 0:00:51] An entertaining game by Matta.   Weighted Error Value: White=0.29 (precise) /Black=0.47} 1-0

[Event "1st Bangalore GM-Open-A 2024"]
[Site "Bangalore"]
[Date "2024.01.18"]
[Round "1.7"]
[White "Lalit Babu M R"]
[Black "Gaurav Rajesh Zagade"]
[Result "1/2-1/2"]
[ECO "A17"]
[WhiteElo "2525"]
[BlackElo "2132"]
[Annotator "TA"]
[PlyCount "145"]
[EventDate "2024.01.20"]
[EventType "swiss"]
[EventCountry "IND"]
[SourceTitle "playchess.com"]
[Source "ChessBase"]
[SourceQuality "1"]
[TimeControl "5400+30"]

1. Nf3 Nf6 2. c4 e6 3. e3 d5 4. Nc3 Be7 5. b3 c5 6. Bb2 {[%emt 0:01:37] A17: English Opening: 1...Nf6 with ...Bb4.} Nc6 7. cxd5 exd5 8. Bb5 {[%emt 0:00:50] White has an edge.} Bd7 9. O-O O-O 10. Rc1 {[%emt 0:05:29] [#]} Rc8 $146 ({Predecessor:} 10... a6 11. Bxc6 Bxc6 12. Ne5 Rc8 13. Ne2 Nd7 14. Nxc6 Rxc6 15. Nf4 Nf6 16. Qf3 Bd6 17. Bxf6 Qxf6 18. Nxd5 Qxf3 19. gxf3 {1-0 Wei,Y (2726)-Nogerbek,K (2471) Asian Games Hangzhou rapid 2023 (4)}) 11. Bxc6 Bxc6 12. d4 b6 (12... c4 $5 ) 13. Ne5 Bb7 14. dxc5 bxc5 15. Na4 Bd6 16. Ng4 Ne4 17. f3 Ng5 18. f4 Ne4 (18... f5 $5 19. Ne5 (19. fxg5 fxg4 20. Rxf8+ Qxf8 $17) 19... Qe7 $15) 19. Nh6+ $1 Kh8 20. Qh5 ({Don't play} 20. Qg4 f6 21. Nf5 Qd7 $15) 20... Rc7 21. Ng4 (21. Nf5 $15 f6 22. Nxd6 Qxd6 23. Nc3) 21... f6 $17 22. Rf3 (22. Rcd1 $17) 22... g6 (22... d4 $1 $19 {And now ...f5 would win.} 23. Ra1 (23. Rh3 $2 g6 $19) 23... f5) 23. Qh4 {[%emt 0:00:33] [#]} d4 $1 24. Rff1 {[%emt 0:05:09] [#]} (24. exd4 cxd4) 24... Be7 $1 25. exd4 ({White should try} 25. Nf2 $17) 25... cxd4 $15 26. Rcd1 $2 {[%emt 0:04:25] [#]} ({Only move:} 26. Rxc7 $15 Qxc7 27. f5 (27. Bxd4 $2 {loses.} Rd8 $19) 27... gxf5 28. Nh6) 26... Rc2 $1 $19 {[%emt 0:05:01] ...Nc3 is the strong threat.} 27. Nf2 f5 (27... Nd2 $19 28. Rfe1 Qd5) 28. Rxd4 $11 Bxh4 29. Rxd8+ Kg8 30. Rxf8+ Kxf8 31. g3 Bf6 $36 {[%emt 0:01:52][%mdl 2048] Black has the initiative.} 32. Nd3 {[%emt 0:02:15] [#]} (32. Bxf6 $1 $11 {and White is okay.} Nxf6 33. a3) 32... Rxb2 $1 33. Naxb2 {[%emt 0:00:05] Hoping for Ne5.} Bd4+ 34. Nf2 Bxb2 {[%emt 0:01:33] A strong pair of Bishops.} 35. Rd1 {[%emt 0:00:14] Dodges Bd4} Nxf2 (35... Ke7 $19 36. Nxe4 fxe4) 36. Kxf2 $17 Ke7 37. Ke3 Bc3 38. Rc1 Ba5 39. b4 Bb6+ (39... Bxb4 $2 40. Rc7+ Ke6 41. Rxb7 Bc5+ 42. Ke2 $18) 40. Kd3 Ba6+ 41. Kc3 Bb5 42. Kb3 Bd7 43. a4 h6 (43... a6 $15) 44. b5 (44. a5 $5 Bd8 45. Re1+ Kd6 46. Rd1+ Kc7 47. Rc1+ Kb7 48. Rd1 Be6+ 49. Kc2 $11) 44... g5 45. Kb4 gxf4 46. gxf4 Kf6 47. Rc3 {[%emt 0:03:16] The position is equal.} Bf2 48. Rd3 Ke7 49. a5 Kd8 50. Rd6 {[%emt 0:03:05][%mdl 1024] White has compensation.} (50. b6 {is more complex.} axb6 51. a6 b5 52. Rh3) 50... Be3 51. Rxh6 {[%emt 0:02:10] Threatens to win with b6.} Bxf4 52. Rh8+ Kc7 {[%emt 0:00:05] [#]} 53. b6+ $1 axb6 54. a6 {[%emt 0:00:04] Rh7 would be deadly.} Bc6 55. a7 {[%emt 0:00:18] Black must now prevent h4.} Bd6+ 56. Kb3 {[%emt 0:00:20] aiming for h4.} Bd5+ 57. Kc2 Be5 58. a8=Q Bxa8 59. Rxa8 {[%emt 0:00:03] Strongly threatening h4.} Bxh2 $11 {[%emt 0:00:04][%mdl 4096] Endgame KR-KB} 60. Rf8 f4 61. Rf6 Kb7 62. Kc3 Ka6 63. Kc4 Bg3 64. Rf8 Bh2 65. Ra8+ Kb7 66. Rg8 Ka6 67. Ra8+ Kb7 68. Rh8 Bg1 69. Rf8 Be3 70. Kb5 Kc7 71. Rf6 Kd7 72. Rxf4 {[%emt 0:00:19][%mdl 64] Deflection} Bxf4 73. Kxb6 {[%emt 0:00:03] And White is the lucky defender. An interesting game.   Weighted Error Value: White=0.20 (precise) /Black=0.17 (very precise)} 1/2-1/2

[Event "1st Bangalore GM-Open-A 2024"]
[Site "Bangalore"]
[Date "2024.01.18"]
[Round "1.8"]
[White "Joel Paul Ganta"]
[Black "Fawzy, Adham"]
[Result "1/2-1/2"]
[ECO "E49"]
[WhiteElo "2130"]
[BlackElo "2522"]
[Annotator "TA"]
[PlyCount "54"]
[EventDate "2024.01.20"]
[EventType "swiss"]
[EventCountry "IND"]
[SourceTitle "playchess.com"]
[Source "ChessBase"]
[SourceQuality "1"]
[TimeControl "5400+30"]

1. d4 Nf6 2. c4 e6 3. Nc3 Bb4 4. e3 b6 5. a3 Bxc3+ 6. bxc3 O-O 7. Bd3 d5 8. cxd5 exd5 9. Ne2 c5 10. O-O Ba6 11. Ng3 Bxd3 12. Qxd3 Nc6 13. f3 Re8 14. Bb2 h5 {[%emt 0:03:59] E49: Nimzo-Indian: Rubinstein: 5 Bd3 d5 6 a3 Bxc3+ 7 bxc3.} 15. e4 h4 16. Nf5 {[%emt 0:00:02] And now e5 would win.} dxe4 {[%emt 0:14:03] The position is equal.} 17. fxe4 Nxe4 {[%emt 0:06:24] [#]} (17... cxd4 $1 $11 {remains equal.} 18. cxd4 Rxe4) 18. Rae1 $146 ({Predecessor:} 18. d5 Nf6 19. c4 Ne5 20. Qh3 Nfg4 21. Nxg7 Rf8 22. Nf5 Qg5 23. Rae1 f6 24. d6 {1-0 Sarana,A (2666)-Vokhidov,S (2536) Titled Tuesday intern op 14th Dec blitz 2021 (6)}) 18... Nf6 19. Qf3 (19. Rxe8+ $14 Qxe8 20. Qd2) 19... Qd5 $1 $11 20. Qf4 Rxe1 21. Rxe1 {[%emt 0:00:01] [#] aiming for c4.} h3 22. gxh3 {[%emt 0:00:37][%cal Oc3c4] c4! would be deadly. Active counter play!} (22. Re2 $5 g6 23. Nh6+ {[%mdl 64] Discovered Attack} Kg7 24. c4 $11 (24. Rf2 Nh5 $11)) 22... Re8 $1 23. Rf1 {[%emt 0:04:58] Black must now prevent Qg5.} Re2 $40 {[%emt 0:08:19][%csl Ge2][%cal Rd5g2][%mdl 128] Black attacks.} 24. Rf2 {[%emt 0:00:54] Prevents Qg2+} (24. Qg5 $1 $11 {and White is okay.} g6 25. c4 Qxc4 26. d5 (26. Qxf6 gxf5 27. Qg5+ Kf8 $11) 26... Rxb2 27. Qxf6 (27. dxc6 Qe2 $11) 27... gxf5 28. Qxb2 Qxd5 29. Re1) 24... Re1+ 25. Rf1 Re2 {[%emt 0:00:06] [#]} (25... Rxf1+ $17 26. Qxf1 Qa2) 26. Rf2 $2 (26. Qg5 $11 {and White stays safe.} g6 27. c4 Qxc4 28. d5 (28. Qxf6 gxf5 29. Qg5+ Kf8 $11) 28... Rxb2 29. Qxf6 (29. dxc6 Qe2 $11) 29... gxf5 30. Qxb2 Qxd5 31. Qg2+ Qxg2+ 32. Kxg2) 26... Re1+ 27. Rf1 {[%emt 0:00:05] Chess con chili.} Re2 $2 {[%emt 0:00:25] Weighted Error Value: White=0.57/Black=0.45} (27... Rxf1+ $17 28. Qxf1 Qa2) 1/2-1/2

[Event "1st Bangalore GM-Open-A 2024"]
[Site "Bangalore"]
[Date "2024.01.18"]
[Round "1.9"]
[White "Iniyan, Pa"]
[Black "Nagare Akhilesh"]
[Result "1-0"]
[ECO "D32"]
[WhiteElo "2515"]
[BlackElo "2123"]
[Annotator "TA"]
[PlyCount "55"]
[EventDate "2024.01.20"]
[EventType "swiss"]
[EventCountry "IND"]
[SourceTitle "playchess.com"]
[Source "ChessBase"]
[SourceQuality "1"]
[TimeControl "5400+30"]

1. d4 d5 2. c4 e6 3. Nc3 c5 4. cxd5 exd5 5. Nf3 Nc6 6. e3 Nf6 7. Be2 Be7 8. O-O O-O 9. dxc5 Bxc5 10. b3 Re8 11. Bb2 Be6 {[%emt 0:05:47] D32: Tarrasch Defence: Sidelines and lines without g3.} 12. Rc1 {[%emt 0:00:44][%cal Oc3d5] [#]} Be7 $146 ({Predecessor:} 12... Qe7 13. Nb5 Ne4 14. Nbd4 Rac8 15. Nxe6 fxe6 16. Bd3 Nb4 17. Bb1 Bd6 18. Qe2 Nf6 19. Ne5 {1-0 Li,D (2539)-Kevlishvili,R (2536) WchT Pool-A 13th rapid 2022 (4.2)}) 13. Nd4 Qd7 {[%emt 0:15:21] White is slightly better.} 14. Na4 Rac8 15. Bb5 Red8 16. f3 {[%emt 0:10:25] White is more active.} Bd6 {[%emt 0:04:14] [#]} ({Black should try} 16... Qd6) 17. Kh1 (17. Bxc6 $142 $1 bxc6 18. Nc5) 17... Qe7 (17... Qe8 $16 {might work better.}) 18. Bxc6 $18 ({Less strong is} 18. Nxc6 bxc6 19. Bxc6 (19. Rxc6 Rb8 $11) 19... h6 $16) 18... bxc6 19. Nxc6 Rxc6 20. Rxc6 Bd7 21. Rc2 Qxe3 22. Qd2 ({Don't play} 22. Bxf6 $6 Qf4 23. g3 (23. Bxd8 $2 Qxh2#) 23... Qxf6 $16) 22... Qe6 (22... Qe7 $142 23. Re1 Be6) 23. Nc5 {[%emt 0:00:22] White is winning.} Qf5 24. Bxf6 gxf6 25. g4 {[%emt 0:02:23] Repels Qh5} ({Not} 25. Nxd7 Rxd7 26. g4 Qe5 $18) 25... Qf4 26. Nxd7 Rxd7 27. Qxd5 Rc7 28. Qd2 {[%emt 0:00:08] White took control after the opening.   Weighted Error Value: White=0.06 (flawless) /Black=0.35} 1-0